 Dungeon Crawl Stone Soup version 0.30-a0-694-g3340775977 (webtiles) character file.

Game seed: 6655951485692979383

33 Ralffi009 the Trooper (level 3, -1/30 HPs)
             Began as a Barachi Berserker on Dec 20, 2022.
             Was a Believer of Trog.
             Slain by a gnoll
             ... wielding a +0 spear
              (6 damage)
             ... on level 2 of the Dungeon on Jan 20, 2023.
             The game lasted 00:07:36 (743 turns).

Ralffi009 the Trooper (Barachi Berserker)            Turns: 743, Time: 00:07:36

Health: -1/30      AC:  0    Str: 20    XL:     3   Next: 29%
Magic:  3/3        EV: 12    Int:  7    God:    Trog [**....]
Gold:   66         SH:  0    Dex: 11    Spells: 2/2 levels left

rFire   . . .      SeeInvis .    a - +0 hand axe
rCold   . . .      Faith    .    (no shield)
rNeg    . . .      Spirit   .    (no body armour)
rPois   .          Reflect  .    (no helmet)
rElec   .          Harm     .    (no cloak)
rCorr   .          Rampage  .    (no gloves)
Will    .....                    (no boots)
Stlth   +                        (no amulet)
HPRegen 0.25/turn                (no ring)
MPRegen 0.08/turn                (no ring)

@: unable to hop, slow
A: amphibious, slowness 1, strong legs 1, +LOS
a: Hop, Renounce Religion, Berserk, Trog's Hand


You were on level 2 of the Dungeon.
You worshipped Trog.
Trog was pleased with you.
You visited 1 branch of the dungeon, and saw 2 of its levels.

You collected 66 gold pieces.

Inventory:

Hand Weapons
 a - a +0 hand axe (weapon)
 q - a +0 whip
Missiles
 j - 4 stones
 k - 3 boomerangs
Armour
 b - a +0 animal skin
 h - a +0 scale mail
Scrolls
 c - 2 scrolls of teleportation {unknown}
 d - a scroll of magic mapping {unknown}
 e - 3 scrolls of identify {unknown}
 f - a scroll of fear {unknown}
 i - 2 scrolls of enchant weapon {unknown}
 l - a scroll of amnesia {unknown}
 n - a scroll of vulnerability {unknown}
Potions
 g - 2 potions of curing {unknown}
 m - a potion of lignification {unknown}
 o - a potion of haste {unknown}
 p - a potion of flight {unknown}
 r - a potion of brilliance {unknown}
 s - a potion of attraction {unknown}


   Skills:
 + Level 4.1 Fighting
 + Level 4.1 Axes
 + Level 2.5 Armour
 + Level 2.4 Dodging


You had 2 spell levels left.
You didn't know any spells.
Your spell library contained the following spells:

 Spells                   Type           Power      Damage    Failure   Level
 Slow                     Hex            0%         N/A       43%         1
 Confusing Touch          Hex            0%         N/A       80%         3
 Vampiric Draining        Necr           0%         2d6       80%         3


Dungeon Overview and Level Annotations

Branches:
Dungeon (2/15)

Altars:


Innate Abilities, Weirdness & Mutations

You are amphibious.
You cover ground slowly.
You can hop short distances.
You have an extended range of vision and can be seen from far away.


Message History

The gnoll shouts! x2
You slash the gnoll!
The gnoll is almost dead.
You hear a shout!
The gnoll hits you with a +0 spear.
You completely miss the gnoll.
The gnoll is almost dead.
The gnoll misses you.
You closely miss the gnoll.
The gnoll is almost dead.
The gnoll hits you with a +0 spear!
* * * LOW HITPOINT WARNING * * *
You hit the gnoll but do no damage.
The gnoll is almost dead.
The gnoll hits you with a +0 spear.
* * * LOW HITPOINT WARNING * * *
The gnoll closely misses you.
Found a stone staircase leading down.
A gnoll comes into view. It is wielding a +0 spear.
The gnoll misses you.
Hop to where?
Press: ? - help, Dir - move target Boing!
You start removing your armour.
You continue taking off your +0 animal skin. x3
The gnoll barely misses you.
You continue taking off your +0 animal skin.
The gnoll closely misses you.
You finish taking off your +0 animal skin.
You start putting on your armour.
You continue putting on your +0 scale mail.
The gnoll barely misses you.
You continue putting on your +0 scale mail.
The gnoll closely misses you.
The gnoll hits you from afar with a +0 spear.
Keep equipping yourself? [Y]es or [N]o only, please.
Keep equipping yourself?
You stop putting on your armour.
You die...

#..........# #..:.
#..........###......
#...........g.......
#..........###......
#####..###.g........
...g.....#.##..... .##
###gg#....#........
....#####g##..#.....####.
........@.##...##.#..#
..........##......##..#
..................# #.#
...####.....##....# ...
.. #....##...>....###.
#.......##...#..#
#.###...###.#.# ...! #.#
#...# #.#... ... #.#
#...# #.#.... ..


You could see 4 gnolls.

Vanquished Creatures
  3 endoplasms
  A giant cockroach (D:1)
  8 goblins (D:1)
  3 hobgoblins (D:1)
  A quokka (D:1)
  4 ball pythons
  5 frilled lizards (D:1)
  5 kobolds
  A rat (D:1)
31 creatures vanquished.

Notes
Turn   | Place    | Note
-------+----------+-------------------------------------------
     0 | D:1      | Ralffi009 the Barachi Berserker began the quest for the
                  | Orb.
     0 | D:1      | Reached XP level 1. HP: 18/18 MP: 1/1
    68 | D:1      | Upgraded the game from 0.30-a0-474-g5673dd7ce6 to
                  | 0.30-a0-694-g3340775977
   147 | D:1      | Reached XP level 2. HP: 19/25 MP: 2/2
   384 | D:1      | Reached XP level 3. HP: 29/30 MP: 3/3
   458 | D:1      | Reached ** piety under Trog
   730 | D:2      | HP: 1/30 [gnoll/+0 spear (5)]
   743 | D:2      | Slain by a gnoll

Illustrated notes

Levels and vault maps discovered:
D:1:      denvon_arrival_waterhouse, layout_basic, hex_intersection
D:2:      layout_rooms, minmay_misc_feat_rugged, minivault_24,
          kennysheep_cross_room, uniq_robin

Skill      XL: |  1  2  3 |
---------------+----------+-----
Fighting       | 4 |  4.1
Axes           | 4 |  4.1
Armour         | |  2.5
Dodging        | |  2.4

Action                   || total
-------------------------++-------
Melee: Hand axe          ||    67
 Abil: Hop               ||     2
 Stab: Sleeping          ||     1
Armor: Animal skin       ||     9
Dodge: Dodged            ||    57

Table legend: (Time is in decaauts)
 A = Elapsed time spent in this place.
 B = Non-inter-level travel time spent in this place.
 C = Inter-level travel time spent in this place.
 D = Time resting spent in this place.
 E = Time spent auto-exploring this place.
 F = Levels seen in this place.
 G = Mean time per level.
                   A        B        C        D        E       F      G
               +--------+--------+--------+--------+--------+-----+--------+
         Total |    870 |    563 |    307 |      0 |    322 |   2 |  435.0 |
       Dungeon |    870 |    563 |    307 |      0 |    322 |   2 |  435.0 |
               +--------+--------+--------+--------+--------+-----+--------+

Top non-repeatable levels by time:
     D:1: 775 daAuts
     D:2: 95 daAuts
